 Dungeon Crawl Stone Soup version 0.18-a0-1788-g92de1ac (webtiles) character file.

129 macross the Stinger (level 4, -6/32 HPs)
             Began as a Demonspawn Venom Mage on Apr 21, 2016.
             Killed by divine providence
             ... invoked by an orc priest
              (16 damage)
             ... on level 3 of the Dungeon.
             The game lasted 00:16:17 (4005 turns).

macross the Stinger (Demonspawn Venom Mage)         Turns: 4005, Time: 00:16:18

Health: -6/32      AC:  7    Str:  9    XL:     4   Next: 88%
Magic:  2/8        EV: 13    Int: 17    God:
Gold:   200        SH:  0    Dex: 13    Spells: 3 memorised, 0 levels left

rFire  . . .     SeeInvis .     h - +2 dagger (elec)
rCold  . . .     Gourm    .     m - +0 robe
rNeg   . . .     Faith    .     (no shield)
rPois  .         Spirit   .     (no helmet)
rElec  .         Dismiss  .     (no cloak)
rCorr  .         Reflect  .     w - +0 pair of gloves
SustAt .         Harm     .     (no boots)
MR     .....                    (no amulet)
Stlth  ++........               (no ring)
                                (no ring)

@: lethally poisoned (-6 -> -7), not resistant to hostile enchantments,
unstealthy
A: iridescent scales 1
a: no special abilities


You were on level 3 of the Dungeon.
You were not hungry.

You visited 1 branch of the dungeon, and saw 4 of its levels.

You collected 200 gold pieces.

Inventory:

Hand Weapons
 h - a +2 dagger of electrocution (weapon)
Armour
 a - a +0 robe
 m - a +0 robe (worn)
 w - a +0 pair of gloves (worn)
Wands
 k - a wand of random effects (35/48)
Scrolls
 d - 4 scrolls of remove curse
 g - a scroll of immolation
 l - 2 scrolls of recharging
 q - a scroll of enchant weapon
 r - 2 scrolls of fog {unknown}
 s - a scroll of fear {unknown}
 u - a scroll of identify
 x - a scroll of teleportation {unknown}
Potions
 c - a potion of invisibility {unknown}
 f - a potion of might {unknown}
 j - 3 potions of brilliance {unknown}
 n - a potion of curing {unknown}
 o - a potion of beneficial mutation {unknown}
 p - a potion of flight {unknown}
 t - a potion of lignification {unknown}
Books
 b - a Young Poisoner's Handbook

   Spells                             Type                      Level
   a - Sting                          Conjuration/Poison           1
   b - Cure Poison                    Poison                       2
   c - Mephitic Cloud                 Conjuration/Poison/Air       3
   d - Olgreb's Toxic Radiance        Poison                       4
   e - Venom Bolt                     Conjuration/Poison           5
Comestibles
 i - 2 bread rations
 v - a beef jerky


   Skills:
 - Level 1.2 Fighting
 - Level 1.0 Short Blades
 + Level 2.7 Dodging
 + Level 1.9 Stealth
 * Level 2.8 Spellcasting
 - Level 0.4 Conjurations
 * Level 4.6 Poison Magic


You couldn't memorise any spells.
You knew the following spells:

 Your Spells              Type           Power        Failure   Level  Hunger
a - Sting                 Conj/Pois      ##..         10%         1    #......
b - Mephitic Cloud        Conj/Pois/Air  #.......     30%         3    ###....
c - Olgreb's Toxic Radia  Pois           ###.....     30%         4    #####..


Dungeon Overview and Level Annotations

Branches:
Dungeon (4/15)
 Temple: D:4-7

Altars:
The Shining One


Innate Abilities, Weirdness & Mutations

You are partially covered in iridescent scales (AC +4).


Message History

Casting: Mephitic Cloud
Confirm with . or Enter, or press ? or * to list all spells.
You don't have enough magic to cast that spell.
Unknown command.
You feel sick.
The orc priest calls down the wrath of Beogh upon you.
Beogh smites you!
You see here a club.
You feel sick.
You feel sick.
You feel sick.
You feel sick.
As you read the scroll of noise, it crumbles to dust.
You hear a loud clanging noise!
You feel sick. The orc hits you with a flail.
The orc priest mumbles some strange prayers to Beogh against you.
Beogh smites you!
Ouch! That really hurt!
You die...

#.# #.....###...###.)...÷.......
..# #..>..# #........#####...###
#.# ####### #........# ##.#....
#.# ####.##### #.###.## #.# #o#
##.#.### #.#### #.# #.....#
.....# ########.# #...#.# #.##)#
#......#o# ##.##.#
#.##.#####.##...@.# #####.....
#........#.##.#†########...>....#
####.###......#.# #...#.#.##.#.#
####.# ###.####.# #.#...........
.....# #.####.# #.###.#.#....#
###### #......# #.# #.#.#..#.#
######## #.# #...†....# #.#
#####.###. ###.# #........


You could see an orc priest and an orc.

Vanquished Creatures
  3 adders (D:3)
  An ooze (D:3)
  A worm (D:3)
  3 dart slugs
  2 giant geckos (D:3)
  4 orcs (D:3)
  A ball python (D:3)
  6 bats
  6 giant cockroaches
  9 goblins
  8 hobgoblins
  11 jackals
  2 quokkas
  A giant newt (D:2)
  7 kobolds
  12 rats
77 creatures vanquished.

Notes
Turn   | Place    | Note
--------------------------------------------------------------
     0 | D:1      | macross the Demonspawn Venom Mage began the quest for the Orb.
     0 | D:1      | Reached XP level 1. HP: 13/13 MP: 3/3
   419 | D:2      | Gained mutation: You are partially covered in iridescent scales (AC +4). [demonic ancestry]
   419 | D:2      | Reached XP level 2. HP: 19/19 MP: 0/5
  1081 | D:4      | Noticed an ogre
  1254 | D:3      | Reached XP level 3. HP: 25/25 MP: 2/6
  1289 | D:3      | Learned a level 3 spell: Mephitic Cloud
  1532 | D:3      | Reached skill level 1 in Short Blades
  2038 | D:1      | Reached skill level 1 in Fighting
  2038 | D:1      | Reached XP level 4. HP: 32/32 MP: 7/7
  2811 | D:1      | Learned a level 4 spell: Olgreb's Toxic Radiance
  3350 | D:2      | Found a glowing golden altar of the Shining One.
  4005 | D:3      | Killed from afar by an orc priest

Vault maps used:
D:1:      dpeg_arrival_circle_labyrinth_c
D:2:      tso_altar
D:3:      first_bread

Skill      XL: |  1  2  3 |
---------------+----------+-----
Dodging        | 2 |  2.7
Short Blades   | 1 |  1.0
Fighting       | 1 |  1.2
Stealth        | |  1.9
Spellcasting   | |  2.8
Conjurations   | |  0.4
Poison Magic   | |  4.6

Action                   |  1- 3 |  4- 6 || total
-------------------------+-------+-------++-------
Melee: Unarmed           |    59 |       ||    59
       Dagger            |    56 |    57 ||   113
 Cast: Sting             |    54 |    21 ||    75
       Mephitic Cloud    |     1 |     2 ||     3
       Olgreb's Toxic Ra |       |     3 ||     3
Evoke: Wand              |       |     2 ||     2
  Use: Scroll            |     2 |     4 ||     6
 Stab: Sleeping          |       |     1 ||     1
  Eat: Beef jerky        |     2 |     1 ||     3
       Bread ration      |     1 |       ||     1
       Meat ration       |       |     1 ||     1
Armor: Robe              |    95 |    28 ||   123
Dodge: Dodged            |   190 |    43 ||   233
